AoeStats
← Fabrosie

Arena

504924938Analyzed
2v2 RM · 27d ago on Sep 7, 2026· 26m 51s· 4 players
Game mode
Random Map
Map size
Medium (4 player)
Population
200
Speed
Normal
Resources
Standard
Victory
Conquest
Starting age
Dark Age
Ending age
Imperial Age
RankedLock teamsTeams togetherTeam positionsShared explorationLock speedFull tech treeHidden civsTurbo modeCheats
Victory
Defeat
977
+13
🇺🇸 Koreans · United States
963
+14
🇦🇷 Bohemians · Argentina
926
-14
🇦🇷 Spanish · Argentina
909
-13
Titopajaloca
5:39 Loom
10:29 Feudal Age
13:38 Wheelbarrow
16:50 Castle Age
15:01 Horse Collar
19:20 Scale Barding Armor
19:20 Double-Bit Axe
20:02 Pikeman
26:18 Bloodlines
Fabrosie
9:20 Feudal Age
16:59 Castle Age
Campeador
5:54 Loom
7:15 Loom
11:32 Feudal Age
13:19 Double-Bit Axe
16:05 Castle Age
15:23 Scale Mail Armor
16:00 Double-Bit Axe
15:58 Horse Collar
17:31 Forging
20:11 Loom
21:25 Wheelbarrow
23:51 Hand Cart
24:15 Chain Mail Armor
25:39 Town Watch
Ioannes Chrysostomus
11:35 Feudal Age
17:45 Castle Age
15:58 Horse Collar
17:07 Bloodlines
17:07 Gold Mining
19:47 Crossbowman
21:33 Forging
22:08 Scale Barding Armor
25:45 Double-Bit Axe
26:18 Elite Skirmisher
Connection lost

Rejoining the realm…

Still unreachable

The connection could not be restored.

Session expired

The server has moved on; the page needs a fresh start.